 Dungeon Crawl Stone Soup version 0.29-a0-575-g0dc89cf053 (webtiles) character file.

Game seed: 13020821767616747063

109 Zonian the Chiller (level 4, -5/21 HPs)
             Began as a Vine Stalker Ice Elementalist on June 13, 2022.
             Was an Initiate of Gozag.
             Slain by a gnoll
             ... wielding a +0 flail
              (6 damage)
             ... on level 3 of the Dungeon.
             The game lasted 00:04:34 (2919 turns).

Zonian the Chiller (Vine Stalker Ice Elementalist)  Turns: 2919, Time: 00:04:34

Health: -5/21      AC:  3    Str: 11    XL:     4   Next: 89%
Magic:  0/9        EV: 12    Int: 15    God:    Gozag
Gold:   295        SH:  0    Dex: 16    Spells: 8/9 levels left

rFire   . . .      SeeInvis .   g - +1 dagger
rCold   . . .      Faith    .   (no shield)
rNeg    . . .      Spirit   +   a - +1 robe
rPois   .          Reflect  .   (no helmet)
rElec   .          Harm     .   n - scarf {shadows}
rCorr   .          Rampage  .   (no gloves)
Will    .....                   (no boots)
Stlth   +++.......              (no amulet)
HPRegen 0.87/turn               (no ring)
MPRegen 0.11/turn               (no ring)

@: gold aura
A: fangs 2, regeneration 1, magic shield, antimagic bite, no potion heal 2
a: Renounce Religion, Potion Petition, Call Merchant, Bribe Branch


You were on level 3 of the Dungeon.
You worshipped Gozag.
Gozag was aware of your devotion.
You visited 1 branch of the dungeon, and saw 3 of its levels.

You collected 295 gold pieces.

Inventory:

Hand Weapons
 d - a +0 whip
 f - a +0 short sword
 g - a +1 dagger (weapon)
Missiles
 e - 3 boomerangs
 h - 2 throwing nets
 k - 3 javelins
 o - 10 poisoned darts
Armour
 a - a +1 robe (worn)
 n - a scarf of shadows (worn)
Wands
 i - a wand of flame (17)
 l - a wand of acid (9)
Scrolls
 j - a scroll of identify
 p - a scroll of magic mapping
 q - a scroll of poison {unknown}
Potions
 c - a potion of attraction
 m - a potion of brilliance {unknown}


   Skills:
 + Level 2.4 Dodging
 + Level 3.6 Stealth
 + Level 3.1 Spellcasting
 + Level 4.5 Ice Magic


You had 8 spell levels left.
You knew the following spells:

 Your Spells              Type           Power      Damage    Failure   Level
a - Freeze                Ice            64%        1d8       3%          1

Your spell library contained the following spells:

 Spells                   Type           Power      Damage    Failure   Level
 Frozen Ramparts          Ice            32%        1d5       9%          3
 Ozocubu's Armour         Ice            16%        N/A       9%          3
 Ignite Poison            Fire/Tmut/Pois 2%         N/A       52%         3
 Mephitic Cloud           Conj/Pois/Air  2%         N/A       52%         3
 Hailstorm                Conj/Ice       9%         3d4       58%         4
 Freezing Cloud           Conj/Ice/Air   3%         6-21      96%         5


Dungeon Overview and Level Annotations

Branches:
Dungeon (3/15)

Altars:
Gozag


Innate Abilities, Weirdness & Mutations

You have extremely sharp teeth.
Your natural rate of healing is unusually fast.
When hurt, damage is shared between your health and your magic reserves.
Your bite disrupts and absorbs the magic of your enemies.
Potions cannot restore your health.


Message History

You hit the orc priest.
The orc priest is moderately wounded.
The orc priest calls down the wrath of Beogh upon you.
Beogh smites you!
You hit the orc priest.
You bite the orc priest, but do no damage.
The orc priest is heavily wounded.
The orc priest barely misses you.
You hit the orc priest but do no damage.
You bite the orc priest. You drain its power.
You feel invigorated.
The orc priest is almost dead.
The orc priest hits you with a +0 short sword.
You hit the orc priest.
You kill the orc priest!
A gnoll comes into view. It is wielding a +0 whip.
You closely miss the gnoll.
The gnoll is distracted by your dazzling golden aura.
You hit the gnoll but do no damage.
The gnoll is no longer distracted by gold.
Your bite misses the gnoll.
A gnoll comes into view. It is wielding a +0 halberd.
The gnoll is distracted by your dazzling golden aura.
Casting: Freeze (safe; 3% risk of failure)
Confirm with . or Enter, or press ? or * to list all spells.
Aiming: Freeze (safe; 3% risk of failure)
Press: ? - help, Shift-Dir - straight line, f - gnoll
Aim: a gnoll, wielding a +0 flail (unaware, hasn't noticed you)
You freeze the gnoll!
The gnoll is no longer distracted by gold.
The gnoll shouts!
The gnoll is severely wounded.
The gnoll hits you with a +0 flail!
* * * LOW HITPOINT WARNING * * *
Unknown command.
Magic courses through your body.
The gnoll hits you from afar with a +0 halberd!
* * * LOW HITPOINT WARNING * * *
The gnoll hits you with a +0 flail!
You die...
Your body crumbles into a pile of gold.

## #. #.# #..
##.##$### ...o.$.o#
.?.##.#g# #.#g# #.#@#
#.#.# #########'#g#
#...........#
#...........#
#...........#######
#.................###
#.......>............
#########'#.......#


You could see 3 gnolls and an orc.

Vanquished Creatures
  An orc priest (D:3)
  A gnoll (D:3)
  An adder (D:2)
  2 dart slugs
  5 orcs (D:3)
  3 endoplasms
  3 giant cockroaches
  4 goblins
  4 hobgoblins
  7 jackals
  5 ball pythons
  A bat (D:1)
  2 frilled lizards
  6 kobolds
  A rat (D:2)
46 creatures vanquished.

Notes
Turn   | Place    | Note
-------+----------+-------------------------------------------
     0 | D:1      | Zonian the Vine Stalker Ice Elementalist began the quest
                  | for the Orb.
     0 | D:1      | Reached XP level 1. HP: 9/9 MP: 4/4
   290 | D:1      | Reached XP level 2. HP: 6/13 MP: 4/6
   591 | D:1      | Found a faded altar of an unknown god.
   614 | D:1      | Prayed at the altar of an unknown god.
   614 | D:1      | Became a worshipper of Gozag Ym Sagoz the Greedy
  1534 | D:2      | Reached XP level 3. HP: 11/16 MP: 5/7
  2829 | D:3      | Gained mutation: Your natural rate of healing is unusually
                  | fast. [Vine Stalker growth]
  2829 | D:3      | Reached XP level 4. HP: 21/21 MP: 9/9
  2919 | D:3      | HP: 1/21 [gnoll/+0 halberd (3)]
  2919 | D:3      | Slain by a gnoll

Illustrated notes

Levels and vault maps discovered:
D:1:      nzn_arrival_depleted_hourglass, layout_rooms,
          hellmonk_ecumenical_altar_leap_of_faith
D:2:      layout_basic
D:3:      cheibrodos_old_hovel, layout_basic, lemuel_coloured_pillars_altar

Skill      XL: |  1  2  3  4 |
---------------+-------------+-----
Dodging        | 2 |  2.4
Stealth        | 3 |  3.6
Spellcasting   | 3 |  3.1
Ice Magic      | |  4.5

Action                   |  1- 3 |  4- 6 || total
-------------------------+-------+-------++-------
Melee: Whip              |     6 |       ||     6
       Bite              |    27 |    14 ||    41
       Unarmed           |     4 |       ||     4
       Short sword       |     9 |       ||     9
       Dagger            |    86 |    50 ||   136
       Punch             |     2 |       ||     2
 Cast: Freeze            |     6 |     1 ||     7
  Use: Scroll            |     6 |       ||     6
       Potion            |     1 |     1 ||     2
 Stab: Sleeping          |     5 |       ||     5
       Distracted        |     2 |       ||     2
Armor: Robe              |    40 |    12 ||    52
Dodge: Dodged            |    99 |    24 ||   123

Table legend: (Time is in decaauts)
 A = Elapsed time spent in this place.
 B = Non-inter-level travel time spent in this place.
 C = Inter-level travel time spent in this place.
 D = Time resting spent in this place.
 E = Time spent auto-exploring this place.
 F = Levels seen in this place.
 G = Mean time per level.
                   A        B        C        D        E       F      G
               +--------+--------+--------+--------+--------+-----+--------+
         Total |   2918 |   2881 |     37 |   1124 |   1244 |   3 |  972.7 |
       Dungeon |   2918 |   2881 |     37 |   1124 |   1244 |   3 |  972.7 |
               +--------+--------+--------+--------+--------+-----+--------+

Top non-repeatable levels by time:
     D:1: 1504 daAuts
     D:2: 986 daAuts
     D:3: 427 daAuts
